[Event "*** Titled Tuesday Blitz"]
[Site "Chess.com"]
[Date "2021.04.27"]
[Round "1"]
[White "RiskyDecision"]
[Black "Rodchenkov_Vitalij"]
[Result "1-0"]
[WhiteElo "2499"]
[BlackElo "2056"]
[TimeControl "180+1"]
[EndTime "10:01:06 PDT"]
[Termination "RiskyDecision won by resignation"]

1. d4 Nf6 2. c4 e6 3. g3 Bb4+ 4. Bd2 a5 5. Nf3 O-O 6. Bg2 d6 7. O-O Nbd7 8. Bg5 a4 9. a3 Ba5 10. Qxa4 h6 11. Bxf6 Nxf6 12. b4 1-0

[Event "*** Titled Tuesday Blitz"]
[Site "Chess.com"]
[Date "2021.04.27"]
[Round "1"]
[White "Ermito2020"]
[Black "Piccadilly123"]
[Result "1-0"]
[WhiteElo "2595"]
[BlackElo "2265"]
[TimeControl "180+1"]
[EndTime "10:01:41 PDT"]
[Termination "Ermito2020 won by resignation"]

1. e4 e6 2. d4 d5 3. Nc3 Bb4 4. e5 c5 5. a3 Bxc3+ 6. bxc3 Ne7 7. Qg4 Qc7 8. Qxg7 Rg8 9. Qxh7 cxd4 10. Ne2 Nbc6 11. f4 dxc3 12. h4 b6 13. h5 Bb7 14. h6 d4 15. Qxg8+ Nxg8 16. h7 O-O-O 17.
h8=Q d3 18. cxd3 1-0

[Event "*** Titled Tuesday Blitz"]
[Site "Chess.com"]
[Date "2021.04.27"]
[Round "1"]
[White "noblerone"]
[Black "INDIAN-ELEPHANT"]
[Result "0-1"]
[WhiteElo "2387"]
[BlackElo "2723"]
[TimeControl "180+1"]
[EndTime "10:01:57 PDT"]
[Termination "INDIAN-ELEPHANT won by checkmate"]

1. g4 e5 2. h3 d5 3. Bg2 Nc6 4.
b3 h5 5. e3 hxg4 6. hxg4 Rxh1 7. Bxh1 Be6 8. Bb2 Qh4 9. Bf3 e4 10. Bg2 Bxg4 11. Ne2 Qh2 12. Kf1 Nf6 13. Bxf6 gxf6 14.
Qe1 Ne5 15. Ng1 Nf3 16. Nxf3 exf3 17. Bxf3 Bxf3 18. Qe2 Qh1# 0-1

[Event "*** Titled Tuesday Blitz"]
[Site "Chess.com"]
[Date "2021.04.27"]
[Round "1"]
[White "731291"]
[Black "Jenia84"]
[Result "1-0"]
[WhiteElo "2686"]
[BlackElo "2356"]
[TimeControl "180+1"]
[EndTime "10:02:12 PDT"]
[Termination "731291 won by resignation"]

1. e4 e5 2. Nc3 Nf6 3. Nf3 Nc6 4.
Bb5 Bb4 5. Bxc6 dxc6 6. d3 Bg4 7.
h3 Bxf3 8. Qxf3 Bxc3+ 9. bxc3 c5 10. Qg3 Qe7 11. Qxg7 O-O-O 12. Bg5 1-0

[Event "*** Titled Tuesday Blitz"]
[Site "Chess.com"]
[Date "2021.04.27"]
[Round "1"]
[White "shreyansshah123"]
[Black "Dave_ChessMate"]
[Result "0-1"]
[WhiteElo "1673"]
[BlackElo "2476"]
[TimeControl "180+1"]
[EndTime "10:02:36 PDT"]
[Termination "Dave_ChessMate won by resignation"]

1. e4 c5 2. Nf3 Nc6 3. d4 cxd4 4.
Nxd4 e5 5. Nb5 Nf6 6. N1c3 d6 7. Bg5 a6 8. Na3 b5 9. Nd5 Be7 10.
Bd3 Nxd5 11. exd5 Bxg5 12. dxc6 O-O 13. O-O f5 14. c4 b4 15. Nc2 Qb6 16. b3 a5 17. c7 Qxc7 18. Qe2 Bb7 19. Ne3 Rae8 20. Nxf5 e4 21. Bxe4 Bxe4 22. Ng3 Bxg2 0-1

[Event "*** Titled Tuesday Blitz"]
[Site "Chess.com"]
[Date "2021.04.27"]
[Round "1"]
[White "tusplingher"]
[Black "csati17"]
[Result "0-1"]
[WhiteElo "2274"]
[BlackElo "2601"]
[TimeControl "180+1"]
[EndTime "10:02:39 PDT"]
[Termination "csati17 won by resignation"]

1. e4 e6 2. d4 d5 3. Bd3 Nc6 4. Nf3 Nb4 5. exd5 Nxd3+ 6. Qxd3 exd5 7. O-O Bd6 8. Re1+ Ne7 9. Nc3 c6 10. Ng5 h6 11. Nf3 O-O 12. Be3 Bf5 13. Qd2 Ng6 14. Rad1 Bg4 15. Qe2 Nh4 16. Kh1 Qf6 0-1

[Event "*** Titled Tuesday Blitz"]
[Site "Chess.com"]
[Date "2021.04.27"]
[Round "1"]
[White "Bad_left_hook"]
[Black "levallem"]
[Result "1-0"]
[WhiteElo "2583"]
[BlackElo "2251"]
[TimeControl "180+1"]
[EndTime "10:02:42 PDT"]
[Termination "Bad_left_hook won by resignation"]

1. d4 Nf6 2. c4 g6 3. Nc3 Bg7 4. e4 d6 5. Nf3 Nbd7 6. Be2 O-O 7. O-O e5 8. Re1 Re8 9. Bf1 exd4 10. Nxd4 Nc5 11.
f3 Ne6 12. Be3 Nxd4 13. Bxd4 Nh5 14. Bxg7 Nxg7 15. Qd2 Be6 16. Rad1 a5 17. Qd4 Qe7 18. b3 Rad8 19. f4 Bg4 20. Nd5 Qd7 21. Nf6+ 1-0

[Event "*** Titled Tuesday Blitz"]
[Site "Chess.com"]
[Date "2021.04.27"]
[Round "1"]
[White "Zq1"]
[Black "MikeSailer"]
[Result "1-0"]
[WhiteElo "2517"]
[BlackElo "2161"]
[TimeControl "180+1"]
[EndTime "10:02:56 PDT"]
[Termination "Zq1 won by resignation"]

1. e4 d5 2. exd5 Qxd5 3. Nc3 Qd6 4. d4 Nf6 5. Nf3 c6 6. h3 Bf5 7. Be3 e6 8. Qd2 Be7 9. a3 Nd5 10. Nxd5 exd5 11. Be2 Nd7 12. O-O O-O 13. Bf4 Qg6 14. Bg3 Bd6 15. Nh4 Qf6 16. Nxf5 Qxf5 17. Bxd6 Nf6 18.
Bd3 Ne4 19. Bxe4 dxe4 20. Bxf8 1-0

[Event "*** Titled Tuesday Blitz"]
[Site "Chess.com"]
[Date "2021.04.27"]
[Round "1"]
[White "PavelShkapenko"]
[Black "Romadk"]
[Result "1-0"]
[WhiteElo "2674"]
[BlackElo "2342"]
[TimeControl "180+1"]
[EndTime "10:03:10 PDT"]
[Termination "PavelShkapenko won by resignation"]

1. e4 c5 2. c3 Nf6 3. e5 Nd5 4. d4 cxd4 5. cxd4 d6 6. Nf3 Nc6 7. Bc4 e6 8. O-O Be7 9. Bd2 O-O 10. Nc3 Nxc3 11. Bxc3 dxe5 12. dxe5 Qxd1 13. Rfxd1 Rd8 14.
Bd3 Bd7 15. Be4 Be8 16. a3 Rxd1+ 17. Rxd1 Rd8 18. Rxd8 Bxd8 19. Kf1 h6 20. Ke2 Bb6 21. h4 Kf8 22. b4 Ke7 23. b5 Na5 24. Bb4+ Kd8 25.
a4 Kc8 26. Bf8 g6 27. Bxh6 Nb3 28. Be3 Ba5 29. Bc2 Na1 30. Bd1 Bc3 31. g4 a6 32.
bxa6 bxa6 33. h5 gxh5 34. gxh5 f6 35. h6 fxe5 36. h7 e4 37. Nd4 Bxd4 38. Bxd4 1-0

[Event "*** Titled Tuesday Blitz"]
[Site "Chess.com"]
[Date "2021.04.27"]
[Round "1"]
[White "debashisdebs"]
[Black "Warre"]
[Result "1-0"]
[WhiteElo "2932"]
[BlackElo "2459"]
[TimeControl "180+1"]
[EndTime "10:03:18 PDT"]
[Termination "debashisdebs won by resignation"]

1. d4 Nf6 2. c4 e6 3. Nf3 d5 4.
Nc3 Bb4 5. cxd5 exd5 6. Bg5 h6 7. Bh4 O-O 8. e3 Bf5 9. Be2 Nbd7 10. O-O c6 11. Qb3 Qb6 12. a3 Bd6 13. Nd2 Qxb3 14. Nxb3 Ne4 15. Nxe4 Bxe4 16. Bg3 Bxg3 17. hxg3 Nf6 18.
Rfc1 Bg6 19. Na5 Rab8 20. b4 a6 21. a4 Rfc8 22. Nxb7 Rxb7 23. Bxa6 Rcb8 24. Bxb7 Rxb7 25. Rxc6 Rxb4 26. a5 1-0

[Event "*** Titled Tuesday Blitz"]
[Site "Chess.com"]
[Date "2021.04.27"]
[Round "1"]
[White "jens1102"]
[Black "seorobert1971"]
[Result "0-1"]
[WhiteElo "2404"]
[BlackElo "2747"]
[TimeControl "180+1"]
[EndTime "10:03:23 PDT"]
[Termination "seorobert1971 won by resignation"]

1. e4 e6 2. d4 d5 3. Nd2 Nf6 4.
e5 Nfd7 5. Bd3 c5 6. c3 b6 7. Ne2 Ba6 8. Nf3 Be7 9. O-O Bxd3 10. Qxd3 Nc6 11. a3 O-O 12. b4 Qc7 13. Bg5 Qd8 14.
Bxe7 Qxe7 15. Ng3 Rac8 16. h4 Rc7 17. Ng5 g6 18. f4 f6 19. Nf3 cxd4 20. cxd4 fxe5 21.
fxe5 Rcc8 22. Ng5 Rxf1+ 23. Rxf1 Rf8 24. Rxf8+ Nxf8 25. Qf3 h6 26. Nh3 Qxh4 27. Ne2 Nxd4 0-1

[Event "*** Titled Tuesday Blitz"]
[Site "Chess.com"]
[Date "2021.04.27"]
[Round "1"]
[White "The_filthy"]
[Black "Vanina1989"]
[Result "0-1"]
[WhiteElo "2420"]
[BlackElo "2800"]
[TimeControl "180+1"]
[EndTime "10:03:27 PDT"]
[Termination "Vanina1989 won by resignation"]

1. e4 c6 2. Nf3 d5 3. Nc3 dxe4 4. Nxe4 Nf6 5. Ng3 Bg4 6. Bc4 e6 7. h3 Bxf3 8. Qxf3 Bd6 9. d3 Nbd7 10. Bd2 Ne5 11.
Qe2 Nxc4 12. dxc4 Bxg3 13. fxg3 Qc7 14. Qf3 Qe5+ 15. Kf2 Qxb2 16. Rhc1 Qd4+ 17. Be3 Qxc4 18. Kg1 O-O 19. Rab1 b6 20. a3 Rfd8 21. Rb4 Qd5 22.
Qe2 Qe5 23. Qf2 Ne4 24. Qf3 Nxg3 25. Rg4 Nf5 26. Bf4 Qd5 27. Qf2 Qd4 0-1

[Event "*** Titled Tuesday Blitz"]
[Site "Chess.com"]
[Date "2021.04.27"]
[Round "1"]
[White "grunbergmihai"]
[Black "Supernotar"]
[Result "1/2-1/2"]
[WhiteElo "2416"]
[BlackElo "2748"]
[TimeControl "180+1"]
[EndTime "10:03:45 PDT"]
[Termination "Game drawn by agreement"]

1. Nf3 c5 2. c4 Nc6 3. d4 cxd4 4.
Nxd4 g6 5. e4 Bg7 6. Be3 Nf6 7.
Nc3 d6 8. Be2 O-O 9. Qd2 Nxd4 10. Bxd4 Bd7 11. O-O Bc6 12. f3 Nd7 13. Be3 Nc5 14.
Rab1 a5 15. b3 Qb6 16. Rfc1 Rfc8 17. Bf1 Be5 18. Ne2 Qb4 19. Rc2 Qxd2 20. Rxd2 h5 21. Nd4 Bd7 22. Rc2 Kg7 23. a3 Rc7 24. b4 axb4 25. axb4 Ne6 26. Nxe6+ Bxe6 27. c5 dxc5 28. Rxc5 Rac8 29. Rbc1 Rxc5 30. Rxc5 Rxc5 31. Bxc5 Kf8 1/2-1/2

[Event "*** Titled Tuesday Blitz"]
[Site "Chess.com"]
[Date "2021.04.27"]
[Round "1"]
[White "Grieve72"]
[Black "aljado"]
[Result "1-0"]
[WhiteElo "2494"]
[BlackElo "2045"]
[TimeControl "180+1"]
[EndTime "10:03:55 PDT"]
[Termination "Grieve72 won by resignation"]

1. e4 c5 2. Nc3 Nc6 3. Bb5 g6 4. Bxc6 dxc6 5. f4 Bg7 6. Nf3 Bg4 7. d3 e6 8. O-O Ne7 9. Be3 b6 10. Qe1 Bxf3 11. Rxf3 Bd4 12. f5 Bxe3+ 13. Qxe3 exf5 14. exf5 Qd4 15. f6 O-O 16. fxe7 Rfe8 17. Re1 Rxe7 18.
Ne4 Qxe3+ 19. Rfxe3 Kg7 20. Nd2 Rxe3 21. Rxe3 b5 22.
Nb3 c4 23. dxc4 bxc4 24. Na5 1-0

[Event "*** Titled Tuesday Blitz"]
[Site "Chess.com"]
[Date "2021.04.27"]
[Round "1"]
[White "Konavets"]
[Black "JoachimMouhamad"]
[Result "1-0"]
[WhiteElo "2938"]
[BlackElo "2460"]
[TimeControl "180+1"]
[EndTime "10:03:58 PDT"]
[Termination "Konavets won by resignation"]

1. e4 e5 2. Nf3 Nc6 3. d4 exd4 4. Nxd4 Nf6 5. Nxc6 bxc6 6. Qe2 d6 7. Nc3 Be7 8.
b3 O-O 9. Bb2 Re8 10. O-O-O Bd7 11. Rg1 a5 12. a4 Bf8 13. g4 Nxe4 14. Nxe4 d5 15. Bg2 dxe4 16. Bxe4 Qe7 17. f3 Rad8 18. Kb1 c5 19. g5 Kh8 20. Qf2 f5 21. gxf6 gxf6 22. Qh4 1-0

[Event "*** Titled Tuesday Blitz"]
[Site "Chess.com"]
[Date "2021.04.27"]
[Round "1"]
[White "PowerThinking2650"]
[Black "oskariot"]
[Result "0-1"]
[WhiteElo "2405"]
[BlackElo "2752"]
[TimeControl "180+1"]
[EndTime "10:04:01 PDT"]
[Termination "oskariot won by resignation"]

1. e4 c5 2. Nf3 d6 3. d4 cxd4 4.
Nxd4 Nf6 5. Nc3 Nc6 6. Bc4 Bd7 7. Bb3 g6 8. f3 Bg7 9. Be3 h5 10. Qd2 a5 11. a4 Ne5 12. O-O Rc8 13. Rae1 Nc4 14.
Bxc4 Rxc4 15. b3 Rc8 16. Nd5 e6 17. Nxf6+ Bxf6 18. c4 O-O 19. Nb5 Bxb5 20. axb5 d5 21.
exd5 exd5 22. Bh6 dxc4 0-1

[Event "*** Titled Tuesday Blitz"]
[Site "Chess.com"]
[Date "2021.04.27"]
[Round "1"]
[White "MVM2008"]
[Black "SF-96"]
[Result "0-1"]
[WhiteElo "2258"]
[BlackElo "2593"]
[TimeControl "180+1"]
[EndTime "10:04:08 PDT"]
[Termination "SF-96 won by checkmate"]

1. e4 e5 2. f4 exf4 3. Nf3 g5 4. Bc4 g4 5. Nc3 gxf3 6. Qxf3 Bc5 7. Qh5 d5 8. Qe5+ Kf8 9. Nxd5 Qh4+ 10. g3 fxg3 11.
Nxc7 g2+ 12. Ke2 Qf2+ 13. Kd3 Qf3# 0-1

[Event "*** Titled Tuesday Blitz"]
[Site "Chess.com"]
[Date "2021.04.27"]
[Round "1"]
[White "Raud100"]
[Black "Alexsur1981"]
[Result "1-0"]
[WhiteElo "2457"]
[BlackElo "2858"]
[TimeControl "180+1"]
[EndTime "10:04:12 PDT"]
[Termination "Raud100 won by checkmate"]

1. d4 d5 2. c4 e6 3. Nc3 c6 4. Nf3 Nf6 5. Bg5 dxc4 6. e4 b5 7. Be2 h6 8. Bh4 Bb7 9. O-O Be7 10. e5 Nd5 11. Bxe7 Qxe7 12. Ne4 O-O 13. a4 a6 14. Nfd2 Rd8 15. Ra3 Nd7 16. Nd6 Rab8 17. N2e4 f5 18. Nc5 Bc8 19. Rg3 Nf8 20. Qd2 Kh7 21. Bh5 Rxd6 22.
exd6 Qxd6 23. Re1 Nf4 24. Bd1 Nd7 25. Qe3 Nxc5 26. dxc5 Qc7 27. Bc2 bxa4 28. Qc3 Nd5 29. Qd4 Qf4 30. Qxg7# 1-0

[Event "*** Titled Tuesday Blitz"]
[Site "Chess.com"]
[Date "2021.04.27"]
[Round "1"]
[White "andrewtnb"]
[Black "BigAl"]
[Result "0-1"]
[WhiteElo "2223"]
[BlackElo "2557"]
[TimeControl "180+1"]
[EndTime "10:04:29 PDT"]
[Termination "BigAl won by resignation"]

1. d4 Nf6 2. c4 g6 3. Nc3 Bg7 4.
e4 O-O 5. Nf3 d6 6. Be2 Bg4 7.
Ng1 Bc8 8. Nf3 Bg4 9. Ng1 Bxe2 10. Ngxe2 c5 11. d5 b5 12. cxb5 a6 13. bxa6 Qa5 14.
O-O Nbd7 15. Qc2 Rfb8 16. Bd2 Qxa6 17. Rfc1 Ne5 18. Rab1 Nd3 19. Rd1 Nb4 20. Qc1 Nd3 21.
Qc2 Nb4 22. Qc1 Nxa2 23. Nxa2 Qxa2 24. Ra1 Qxa1 25. Qxa1 Rxa1 26. Rxa1 Nxe4 0-1

[Event "*** Titled Tuesday Blitz"]
[Site "Chess.com"]
[Date "2021.04.27"]
[Round "1"]
[White "Goryachkina"]
[Black "Harald_Schmidt"]
[Result "1-0"]
[WhiteElo "2658"]
[BlackElo "2324"]
[TimeControl "180+1"]
[EndTime "10:04:33 PDT"]
[Termination "Goryachkina won by resignation"]

1. e4 e5 2. Nf3 Nc6 3. Nc3 Nf6 4. h3 Bb4 5. Nd5 Bc5 6. c3 Nxd5 7.
exd5 e4 8. dxc6 exf3 9. Qxf3 dxc6 10. Bc4 Qe7+ 11. Kd1 O-O 12. Re1 Qd7 13. d4 Bd6 14. Kc2 b5 15. Bd3 b4 16. c4 Rb8 17. c5 Be7 18. Qe4 g6 19. Qxe7 Qxd4 20. Qxf8+ 1-0

[Event "*** Titled Tuesday Blitz"]
[Site "Chess.com"]
[Date "2021.04.27"]
[Round "1"]
[White "poppy73"]
[Black "Ind1anStar"]
[Result "0-1"]
[WhiteElo "2168"]
[BlackElo "2523"]
[TimeControl "180+1"]
[EndTime "10:04:38 PDT"]
[Termination "Ind1anStar won by resignation"]

1. e4 e6 2. d4 d5 3. Nc3 Nf6 4. Bg5 Be7 5. e5 Nfd7 6. Bxe7 Qxe7 7. f4 a6 8. Nf3 c5 9. dxc5 Nxc5 10. Bd3 Nc6 11.
O-O Bd7 12. Ne2 Nxd3 13. cxd3 O-O 14. d4 Rac8 15. Rc1 f5 16. exf6 gxf6 17. Qd2 Kh8 18. Kh1 Rg8 19. f5 e5 20. dxe5 Nxe5 21.
Rxc8 Bxc8 22. Qxd5 Ng4 23. Ned4 Ne3 24. Re1 Nxd5 0-1

[Event "*** Titled Tuesday Blitz"]
[Site "Chess.com"]
[Date "2021.04.27"]
[Round "1"]
[White "tdf98pantani"]
[Black "ferch1ni"]
[Result "1-0"]
[WhiteElo "2705"]
[BlackElo "2359"]
[TimeControl "180+1"]
[EndTime "10:04:39 PDT"]
[Termination "tdf98pantani won on time"]

1. e4 c5 2. Nf3 Nc6 3. Bc4 e6 4. Bb5 Qc7 5. O-O d6 6. d4 cxd4 7. Nxd4 Nf6 8. Re1 Be7 9. c4 O-O 10. Bxc6 bxc6 11. Nc3 e5 12. Nc2 a5 13. Bg5 a4 14.
Ne3 a3 15. b3 h6 16. Bh4 Be6 17. Qf3 g5 18. Bg3 g4 19. Qe2 h5 20. Rad1 Rad8 21.
Qc2 1-0

[Event "*** Titled Tuesday Blitz"]
[Site "Chess.com"]
[Date "2021.04.27"]
[Round "1"]
[White "LazyIM"]
[Black "Andrakhanova"]
[Result "1-0"]
[WhiteElo "2612"]
[BlackElo "2288"]
[TimeControl "180+1"]
[EndTime "10:04:47 PDT"]
[Termination "LazyIM won by resignation"]

1. e4 c5 2. Nf3 e6 3. d4 cxd4 4.
Nxd4 Nf6 5. Nc3 Nc6 6. Nxc6 bxc6 7. e5 Nd5 8. Ne4 Qa5+ 9. c3 Be7 10. Bd3 Ba6 11. O-O h6 12. f4 Qb6+ 13. Kh1 g6 14.
Rf3 Rb8 15. c4 Nb4 16. Bf1 c5 17. Rb3 Qc7 18. Nd6+ Bxd6 19. exd6 Qc8 20. Be3 Bb7 21. Qd2 O-O 22. Qf2 Na6 23. f5 exf5 24. Bxh6 Re8 25. Bg5 Re6 26. Qh4 Be4 27. Rh3 1-0

[Event "*** Titled Tuesday Blitz"]
[Site "Chess.com"]
[Date "2021.04.27"]
[Round "1"]
[White "Pelopidass"]
[Black "campomania3"]
[Result "1-0"]
[WhiteElo "2552"]
[BlackElo "2221"]
[TimeControl "180+1"]
[EndTime "10:04:52 PDT"]
[Termination "Pelopidass won by resignation"]

1. d4 d5 2. c4 c6 3. Nf3 Nf6 4. e3 g6 5. Nc3 Bg7 6. cxd5 cxd5 7. Bd3 O-O 8. O-O Nc6 9. h3 a6 10. a3 b5 11. Bd2 Bb7 12. Rc1 Rc8 13. Na2 Nd7 14.
a4 e5 15. axb5 axb5 16. Bxb5 exd4 17. Bxc6 Bxc6 18. Nxd4 Bb7 19. Rxc8 Qxc8 20. Nc3 Bxd4 21. exd4 Nf6 22. Re1 Re8 23. Rxe8+ Nxe8 24. Qb3 Nd6 25. Nxd5 Bxd5 26. Qxd5 Qc2 27. Qxd6 Qxd2 28. Qb8+ Kg7 29.
Qe5+ Kg8 30. d5 1-0

[Event "*** Titled Tuesday Blitz"]
[Site "Chess.com"]
[Date "2021.04.27"]
[Round "1"]
[White "adnan_nn"]
[Black "kidagent"]
[Result "1-0"]
[WhiteElo "2675"]
[BlackElo "2345"]
[TimeControl "180+1"]
[EndTime "10:04:54 PDT"]
[Termination "adnan_nn won by resignation"]

1. e4 c5 2. b4 cxb4 3. Bb2 e6 4. d4 Nf6 5. Bd3 b6 6. Nf3 Bb7 7. Qe2 d5 8. e5 Ne4 9. O-O Be7 10. a3 bxa3 11.
Nxa3 O-O 12. c4 Nd7 13. cxd5 exd5 14. Rac1 f5 15. Nb5 g5 16. Nc7 Rc8 17. Ne6 Qe8 18. Nxf8 Nxf8 19. Rxc8 Bxc8 20. e6 Nxe6 21. Ne5 Nf4 22. Qc2 Be6 23. f3 Nd6 24. Ba3 Nxd3 25. Qxd3 Nc4 26. Bxe7 Qxe7 27. Re1 Qb4 28. Qe2 Nb2 29.
Nc6 1-0

[Event "*** Titled Tuesday Blitz"]
[Site "Chess.com"]
[Date "2021.04.27"]
[Round "1"]
[White "vugarrasulov"]
[Black "MartinMatthiesen"]
[Result "1-0"]
[WhiteElo "2845"]
[BlackElo "2436"]
[TimeControl "180+1"]
[EndTime "10:04:56 PDT"]
[Termination "vugarrasulov won on time"]

1. e4 c6 2. d4 d5 3. exd5 cxd5 4. Bd3 Nc6 5. c3 Nf6 6. Bf4 Bg4 7. Qb3 Qd7 8. Nd2 e6 9. Ngf3 Bxf3 10. Nxf3 Bd6 11. Bxd6 Qxd6 12. Qxb7 Rb8 13. Qa6 O-O 14. Bb5 Rb6 15. Qa4 Ne7 16. O-O Rfb8 17. Bd3 Rxb2 18. Qxa7 Ng6 19. Rab1 Nf4 20. Rxb2 Rxb2 21. Ne5 Qf8 22.
a4 Ng4 23. Bxh7+ Kxh7 24. Nxg4 Kg8 25. a5 Qa3 26. Ne5 Qf8 27. a6 Ra2 28. Qb7 f6 29.
Nd7 Qa3 30. Nc5 1-0

[Event "*** Titled Tuesday Blitz"]
[Site "Chess.com"]
[Date "2021.04.27"]
[Round "1"]
[White "AungTZ"]
[Black "Kislov_Oleg"]
[Result "1-0"]
[WhiteElo "2154"]
[BlackElo "2496"]
[TimeControl "180+1"]
[EndTime "10:04:57 PDT"]
[Termination "AungTZ won by resignation"]

1. e4 e6 2. d4 d5 3. Nc3 Nf6 4. Bg5 dxe4 5. Nxe4 Be7 6. Bxf6 gxf6 7. Nf3 b6 8. Bd3 Bb7 9. Qe2 c6 10. O-O-O Qc7 11.
Kb1 Nd7 12. Rhe1 O-O-O 13. g3 h6 14. c4 f5 15. Nc3 Bf6 16. Ne5 Nxe5 17. dxe5 Be7 18.
f4 h5 19. a3 a6 20. Bc2 c5 21. Rxd8+ Bxd8 22. Rd1 Be7 23. Rd2 Qc6 24. Bd1 Qh1 25. Ka2 Bc6 26. Qe3 Qf1 27. Be2 Qh1 28. Bd1 Kc7 29.
Ba4 Qe4 30. Nxe4 1-0

[Event "*** Titled Tuesday Blitz"]
[Site "Chess.com"]
[Date "2021.04.27"]
[Round "1"]
[White "MaevskiyNikolay"]
[Black "jefferyx"]
[Result "0-1"]
[WhiteElo "2470"]
[BlackElo "2988"]
[TimeControl "180+1"]
[EndTime "10:04:59 PDT"]
[Termination "jefferyx won by resignation"]

1. Nf3 g6 2. d4 Bg7 3. c4 d6 4.
Nc3 e5 5. g3 Nd7 6. Bg2 Ne7 7.
O-O O-O 8. e4 exd4 9. Nxd4 Nc6 10. Be3 Nde5 11. b3 Ng4 12. Nxc6 Nxe3 13. Nxd8 Nxd1 14.
Raxd1 Bxc3 15. Nxb7 Bxb7 16. Rd3 Bb4 17. f3 a5 18. Rb1 Bc6 19. a4 Rab8 20. Rbd1 f5 21. exf5 Rxf5 22. f4 Bc5+ 23. Kf1 Bxg2+ 24. Kxg2 Rff8 25.
Re1 Rfe8 26. Rxe8+ Rxe8 27. Kf3 Kf7 28. h4 h5 29. g4 hxg4+ 30. Kxg4 Kf6 31. Rf3 Re3 32. Rf1 Rxb3 33. f5 Rb4 34. fxg6+ Kxg6 35. h5+ Kg7 36.
Kg5 Be3+ 37. Kf5 Rxc4 38. Ke6 Kh6 39. Rf5 Bb6 0-1

[Event "*** Titled Tuesday Blitz"]
[Site "Chess.com"]
[Date "2021.04.27"]
[Round "1"]
[White "Vaathi_Coming"]
[Black "Tactictic"]
[Result "1-0"]
[WhiteElo "2883"]
[BlackElo "2447"]
[TimeControl "180+1"]
[EndTime "10:05:00 PDT"]
[Termination "Vaathi_Coming won by resignation"]

1. Nf3 d5 2. b3 Nf6 3. Bb2 c5 4. e3 Nc6 5. Bb5 Bf5 6. O-O e6 7. d3 Bd6 8. Ne5 Qc7 9. f4 O-O 10. Bxc6 bxc6 11. Nd2 Nd7 12. Nxd7 Qxd7 13. e4 Bg6 14. Qe2 Rfe8 15. Rae1 f6 16. Qf2 Kh8 17. Ba3 c4 18. Bxd6 Qxd6 19. bxc4 Qa3 20. f5 exf5 21.
exd5 cxd5 22. cxd5 Qxa2 23. Nc4 Bf7 24. Ra1 1-0

[Event "*** Titled Tuesday Blitz"]
[Site "Chess.com"]
[Date "2021.04.27"]
[Round "1"]
[White "Jungle_Jaguar"]
[Black "TeukkaSalama"]
[Result "1-0"]
[WhiteElo "2705"]
[BlackElo "2365"]
[TimeControl "180+1"]
[EndTime "10:05:02 PDT"]
[Termination "Jungle_Jaguar won by resignation"]

1. e4 c6 2. d4 d5 3. e5 Bf5 4. h4 h5 5. Bg5 Qb6 6. Bd3 Bxd3 7. Qxd3 Qxb2 8. e6 Qxa1 9. Qb3 fxe6 10. Qxb7 Nf6 11.
Nf3 Nbd7 12. Qxa8+ Kf7 13. O-O Qxa2 14. Qxc6 Qc4 15.
Qxc4 dxc4 16. Nbd2 c3 17. Nc4 g6 18. Ra1 Bh6 19. Rxa7 Rc8 20. Nce5+ Nxe5 21. Nxe5+ 1-0

[Event "*** Titled Tuesday Blitz"]
[Site "Chess.com"]
[Date "2021.04.27"]
[Round "1"]
[White "szefru"]
[Black "riospm"]
[Result "0-1"]
[WhiteElo "2159"]
[BlackElo "2515"]
[TimeControl "180+1"]
[EndTime "10:05:06 PDT"]
[Termination "riospm won by resignation"]

1. e4 c5 2. Nf3 d6 3. d4 cxd4 4. Qxd4 e5 5. Qe3 h6 6. c4 Nf6 7.
h3 Be6 8. Nc3 Be7 9. Be2 a6 10.
O-O Nbd7 11. Rd1 Rc8 12. b3 Qc7 13. Ba3 b5 14. Rac1 bxc4 15. bxc4 O-O 16. Nd5 Bxd5 17. cxd5 Qa5 18. Nh4 Rxc1 19. Rxc1 Nxd5 20. exd5 Bxh4 21. Bxd6 Bg5 22. f4 Bxf4 23. Qc3 Qb6+ 24. Bc5 Nxc5 25. Qxc5 Be3+ 0-1

[Event "*** Titled Tuesday Blitz"]
[Site "Chess.com"]
[Date "2021.04.27"]
[Round "1"]
[White "ariosp"]
[Black "gross-aleks"]
[Result "0-1"]
[WhiteElo "2216"]
[BlackElo "2549"]
[TimeControl "180+1"]
[EndTime "10:05:07 PDT"]
[Termination "gross-aleks won on time"]

1. e4 e5 2. Nf3 Nc6 3. Bc4 Bc5 4. b4 Bxb4 5. c3 Ba5 6. d4 exd4 7. O-O d3 8. Qb3 Qe7 9. Ba3 d6 10. e5 Be6 11. exd6 cxd6 12. Re1 O-O-O 13. Bxe6+ fxe6 14.
Rxe6 Qf7 15. Nbd2 d5 16. Rb1 Bb6 17. Rbe1 Nf6 18. Nd4 Rhe8 19. Rxe8 Rxe8 20. Rxe8+ Qxe8 21. N2f3 Bxd4 22. cxd4 Qe2 23. Bc1 Ne4 24. Be3 d2 0-1

[Event "*** Titled Tuesday Blitz"]
[Site "Chess.com"]
[Date "2021.04.27"]
[Round "1"]
[White "GM_dmitrij"]
[Black "Leo_C"]
[Result "1-0"]
[WhiteElo "2953"]
[BlackElo "2461"]
[TimeControl "180+1"]
[EndTime "10:05:12 PDT"]
[Termination "GM_dmitrij won by resignation"]

1. Nf3 d5 2. g3 Nd7 3. d4 Nb6 4. a4 a5 5. Bg2 Bf5 6. O-O e6 7. Bg5 Nf6 8. Nbd2 h6 9. Bxf6 Qxf6 10. Ne5 Bd6 11. e4 dxe4 12. Nxe4 Qe7 13. Nd3 O-O 14. c3 c6 15. Nxd6 Qxd6 16. Nc5 Qc7 17. Qb3 Rab8 18. Rfe1 Nd7 19. Qc4 Rfd8 20. h4 b5 21. Qe2 Nxc5 22.
dxc5 b4 23. Rad1 bxc3 24. bxc3 Rd5 25. Bxd5 cxd5 26. Qe5 Qxe5 27. Rxe5 Bc2 28. Rc1 Be4 29. c4 f6 30. Rxe6 dxc4 31. Rxe4 Rb4 32. Rexc4 1-0

[Event "*** Titled Tuesday Blitz"]
[Site "Chess.com"]
[Date "2021.04.27"]
[Round "1"]
[White "Elshan1985"]
[Black "ljuks68"]
[Result "1-0"]
[WhiteElo "2897"]
[BlackElo "2452"]
[TimeControl "180+1"]
[EndTime "10:05:12 PDT"]
[Termination "Elshan1985 won by resignation"]

1. Nf3 d5 2. g3 Nc6 3. Bg2 e5 4. d3 Bg4 5. h3 Be6 6. c3 f6 7. b4 Qd7 8. b5 Nce7 9. a4 Ng6 10. h4 Bd6 11. Nbd2 h6 12. c4 d4 13. Qc2 f5 14. c5 Be7 15. h5 Nf8 16. Nxe5 Qc8 17. Bb2 Nd7 18. Bxd4 Nxe5 19. Bxe5 Nf6 20. d4 O-O 21. Nc4 Bd5 22. Bxd5+ Nxd5 23. Ne3 Nxe3 24. fxe3 Bf6 25. Bf4 Qe8 26. Qxf5 Rd8 27. Qg6 Qe6 28. O-O Kh8 29. Be5 Qb3 30. Rxf6 Qxe3+ 31. Kh1 1-0

[Event "*** Titled Tuesday Blitz"]
[Site "Chess.com"]
[Date "2021.04.27"]
[Round "1"]
[White "gisela_roque"]
[Black "m_ezat"]
[Result "0-1"]
[WhiteElo "1882"]
[BlackElo "2482"]
[TimeControl "180+1"]
[EndTime "10:05:13 PDT"]
[Termination "m_ezat won by resignation"]

1. c4 Nf6 2. Nf3 g6 3. g3 Bg7 4. Bg2 O-O 5. O-O c5 6. Nc3 d5 7. cxd5 Nxd5 8. Nxd5 Qxd5 9. d3 Nc6 10. a3 b6 11. Rb1 Bb7 12. b4 cxb4 13. axb4 Nd4 14.
Nh4 Qd7 15. Bxb7 Qxb7 16. e3 Nb5 17. Bb2 Bxb2 18. Rxb2 e5 19. Qf3 Qxf3 20. Nxf3 f6 21.
Rc1 Rfd8 22. Rd2 Rac8 23. Rxc8 Rxc8 24. d4 e4 25. Nh4 Nc3 26. Kg2 Nd5 27. Ra2 Rc7 28.
b5 Kf7 29. Rb2 Ke6 30. Kf1 Rc1+ 31. Kg2 g5 0-1